 Dungeon Crawl Stone Soup version 0.30-a0-358-g0d69a1922f (webtiles) character file.

Game seed: 419606607650614134

6034 mcwallace the Arsonist (level 10, -17/56 HPs)
             Began as an Octopode Fire Elementalist on Nov 11, 2022.
             Was a Follower of Ashenzari.
             Demolished by Snorg (20 damage)
             ... on level 10 of the Dungeon.
             The game lasted 00:28:04 (11298 turns).

mcwallace the Arsonist (OpFE)                      Turns: 11298, Time: 00:28:04

Health: -17/56     AC:  1    Str:  8    XL:     10   Next: 86%
Magic:  12/20      EV: 18    Int: 27    God:    Ashenzari [*.....]
Gold:   549        SH:  0    Dex: 17    Spells: 15/22 levels left

rFire   . . .      SeeInvis .    w - +4 trident of Supernal Understanding {flame, Fragile Dex+4 Stlth+, polearm, Bglg, Alch} (curse)
rCold   . . .      Faith    .    (no shield)
rNeg    . . .      Spirit   .    (helmet restricted)
rPois   +          Reflect  .    g - amulet of regeneration {@e2}
rElec   .          Harm     .    f - +6 ring of intelligence
rCorr   +          Rampage  .    L - ring "I Foresaw This" {rCorr, Alch, Evo} (curse)
Will    .....                    O - ring "Cursed With Me" {rPois, Alch, Cun} (curse)
Stlth   +++++.....               (no ring)
HPRegen 1.09/turn                (no ring)
MPRegen 0.17/turn                (no ring)
                                 (no ring)
                                 (no ring)

@: invisible
A: almost no armour, amphibious, 8 rings, camouflage 1, gelatinous body 1,
(nimble swimmer 1), tentacles
a: Renounce Religion, Curse Item, Shatter the Chains


You were on level 10 of the Dungeon.
You worshipped Ashenzari.
Ashenzari was aware of your devotion.
You visited 2 branches of the dungeon, and saw 11 of its levels.
You also visited: Sewer.

You collected 549 gold pieces.


Innate Abilities, Weirdness & Mutations

You cannot wear most types of armour.
You are amphibious.
You can wear up to eight rings at the same time.
Your skin changes colour to match your surroundings (Stealth+).
Your rubbery body absorbs attacks. (AC +1, EV +1)
((You are camouflaged when in or above water. (Stealth+)))
You have tentacles for arms and can constrict up to eight enemies at once.


   Skills:
 + Level 8.3(9.2) Dodging
 - Level 2.6(3.4) Stealth
 - Level 6.7 Spellcasting
 + Level 8.0(8.9) Conjurations
 + Level 3.5(5.1) Transmutations
 + Level 8.6 Fire Magic


You had 15 spell levels left.
You knew the following spells:

 Your Spells              Type           Power      Damage    Failure   Level
a - Foxfire               Conj/Fire      100%       2x1d9     1%          1
b - Scorch                Fire           100%       2d10      1%          2
c - Flame Wave            Conj/Fire      54%        2d13      1%          4

Your spell library contained the following spells:

 Spells                   Type           Power      Damage    Failure   Level
 Magic Dart               Conj           100%       1d8       1%          1
 Inner Flame              Hex/Fire       32%        N/A       3%          3
 Kindle Blastsparks       Fire/Tloc/Air  48%        2d14      5%          3
 Mephitic Cloud           Conj/Pois/Air  25%        N/A       5%          3
 Apportation              Tloc           18%        N/A       6%          1
 Necrotise                Necr           36%        1d5       6%          1
 Summon Small Mammal      Summ           36%        N/A       6%          1
 Call Imp                 Summ           9%         N/A       9%          2
 Gell's Gravitas          Tloc           9%         N/A       17%         3
 Lesser Beckoning         Tloc           18%        N/A       17%         3
 Teleport Other           Tloc           9%         N/A       17%         3
 Borgnjor's Revivificati  Necr           4%         N/A       100%        8
 Necromutation            Tmut/Necr      11%        N/A       100%        8
 Death's Door             Necr           4%         N/A       100%        9

Inventory:

Hand Weapons
 d - a +0 whip {mace}
   (You took it off a kobold brigand on level 9 of the Dungeon)
 l - a +0 dagger {short}
   (You found it on level 1 of the Dungeon)
 m - a +0 whip {mace}
   (You found it on level 1 of the Dungeon)
 o - a +0 trident {polearm}
   (You found it on level 1 of the Dungeon)
 w - the cursed +4 trident of Supernal Understanding (weapon) {flame, Fragile Dex+4 Stlth+, polearm, Bglg, Alch}
   (You took it off a kobold in a sewer)

   It burns those it strikes, dealing additional fire damage.
   Dex:       It affects your dexterity (+4).
   Fragile:   It will be destroyed if unequipped.
   Stlth:     It makes you more stealthy.
   It has a curse which improves the following skills: Beguiling: Conjurations,
   Hexes and Translocations.
   Alchemy:   Poison Magic and Transmutations.
Missiles
 i - a throwing net {=f!fthrowing}
 n - 45 poisoned darts {throwing}
 t - 114 stones {throwing}
 y - a curare-tipped dart {=fthrowing}
 E - 5 boomerangs {throwing}
Magical Staves
 H - a staff of poison {!astaff}
   (You found it on level 3 of the Dungeon)
Jewellery
 f - a +6 ring of intelligence (left tentacle)
   (You found it on level 1 of the Dungeon)
 g - an amulet of regeneration (around mantle) {@e2}
   (You found it on level 1 of the Dungeon)
 I - an amulet of reflection
   (You found it on level 3 of the Dungeon)
 J - a ring of fire
   (You took it off a hobgoblin on level 4 of the Dungeon)
 L - the cursed ring "I Foresaw This" (right tentacle) {rCorr, Alch, Evo}
   (You found it on level 5 of the Dungeon)

   [ring of resist corrosion]

   rCorr:     It protects you from acid and corrosion.
   It has a curse which improves the following skills: Alchemy: Poison Magic and
   Transmutations.
   Evocations: Evocations.
 O - the cursed ring "Cursed With Me" (on tentacle) {rPois, Alch, Cun}
   (You found it on level 6 of the Dungeon)

   [ring of poison resistance]

   rPois:     It protects you from poison.
   It has a curse which improves the following skills: Alchemy: Poison Magic and
   Transmutations.
   Cunning:   Dodging and Stealth.
Wands
 M - a wand of acid (19)
   (You found it on level 5 of the Dungeon)
 N - a wand of charming (10)
   (You found it on level 5 of the Dungeon)
Scrolls
 b - 2 scrolls of immolation {!r!r}
 c - 4 scrolls of identify {@r1}
 h - 3 scrolls of magic mapping {!r}
 q - 3 scrolls of amnesia
 u - 3 scrolls of teleportation {@r4}
 v - a scroll of enchant armour
 A - 3 scrolls of brand weapon
 B - 3 scrolls of vulnerability {!r!r}
 F - a scroll of blinking {!r}
 K - a scroll of fear
Potions
 a - 6 potions of magic
 e - 2 potions of haste {@q3}
 j - 3 potions of heal wounds {@q2}
 p - 3 potions of brilliance
 r - a potion of resistance
 s - 3 potions of ambrosia
 x - a potion of cancellation
 D - a potion of flight
 G - 3 potions of curing {@q1}

Dungeon Overview and Level Annotations

Branches:
Dungeon (10/15) Zot: 26922  Temple (1/1) D:4 Zot: 5880     Orc (0/2) D:9
  Sewer (visited)
   Lair: D:8-11

Altars:
Ashenzari
Cheibriados
Dithmenos
Elyvilon
Fedhas
Gozag
Hepliaklqana
Kikubaaqudgha
Nemelex Xobeh
Okawaru
Qazlal
Ru
Sif Muna
Trog
Uskayaw
Vehumet
Wu Jian
Yredelemnul
Zin
The Shining One

Annotations:
D:10 Snorg

####........#..#
............#..#........
............#..#........
.......<....'..#.......
............####......
####'##.<..##..#....#
#...#....#...#....#
#...#....#...#.T..+
#...#....#...'@...#
##..#....#####....# ##
###..#..........####..#
#....#..........#......
+...)#..........'......
#..<.#......>...########
#....#.................#
+....#.................##+
#....##'###...............


You could see Snorg (berserk, unable to see you, combustible).


Message History

Confirm with . or Enter, or press ? or * to list all spells.
Casting: Flame Wave (dangerous; 1% risk of failure)
Press: ? - help, Dir - look around, f - activate A wave of flame ripples out!
The flame wave engulfs the wraith!! (Press . to intensify the flame waves.)
The wraith barely misses you. The wraith hits you.
* * * LOW HITPOINT WARNING * * *
The wraith drains your vigour!
You feel as though you will be slow longer. 😨 HP[-3] MP[-4]
You take 3 damage, and now have 27/56 hp.
You lost 4 mp, and now have 14/20 mp.
A wave of flame ripples out!
The flame wave engulfs the wraith.
You destroy the wraith! 😮 HP[+2]
You regained 2 hp, and now have 29/56 hp.
You feel yourself speed up.
Things that are here:
a +0 dagger {short}; a +0 robe Key pressed, stopping explore.
B - 3 scrolls of vulnerability {!r!r} (gained 1) Key pressed, stopping explore.
Things that are here:
+0 acid dragon scales; an acid dragon skeleton
There is a stone staircase leading up, spattered with blood here.
Items here: )))) [.
Things that are here:
a +0 robe; a +0 dagger {short}; a +0 whip {mace} Done exploring. 😎 HP[+27] MP[+6]
Your hp is fully restored (56).
Your mp is fully restored (20).
Done exploring.
There is a stone staircase leading down here.
You climb downwards.
There is a stone staircase leading up here.
You open the door.
Found a stone staircase leading up.
There is an open door here.
Found a stone staircase leading up.
You now have 549 gold pieces (gained 19).
You open the door.
Ashenzari invites you to partake of a vision and a curse of beguiling and evocations.
There is an open door here.
Found a stone staircase leading down.
You open the door.
There is an open door here.
You open the door.
There is an open door here.
You pick up a book of Displacement and begin reading...
You add the spells Lesser Beckoning, Gell's Gravitas and Teleport Other to your library.
t - 114 stones {throwing} (gained 5)
You open the door.
There is an open door here.
As you open the door, it creaks loudly! As you open the door, it creaks loudly!
You hear a shout!
Snorg the Insatiable comes into view.
There is an open door here.
Casting: Foxfire (safe; 1% risk of failure)
Press: ? - help, Q - select action, (/) - cycle Dir - look around, f - activate You conjure some foxfire! 😎 MP[-1]
You lost 1 mp, and now have 19/20 mp.
Casting: Foxfire (safe; 1% risk of failure)
Press: ? - help, Q - select action, (/) - cycle Dir - look around, f - activate You conjure some foxfire!
The foxfire hits Snorg!
The foxfire hits Snorg.
Snorg goes berserk! 😎 MP[-1]
You lost 1 mp, and now have 18/20 mp.
Casting: Foxfire (safe; 1% risk of failure)
Press: ? - help, Q - select action, (/) - cycle Dir - look around, f - activate You conjure some foxfire!
The foxfire hits Snorg. x2 😎 MP[-1]
You lost 1 mp, and now have 17/20 mp.
Casting: Foxfire (safe; 1% risk of failure)
Confirm with . or Enter, or press ? or * to list all spells.
Flames lash Snorg.
Snorg's fire resistance burns away.
The foxfire hits Snorg!
Snorg is burned terribly!
The foxfire hits Snorg!
Snorg is burned terribly!
Snorg barely misses you. Snorg closely misses you.
Snorg claws you. 😕 HP[-6] MP[-2]
You take 6 damage, and now have 50/56 hp.
You lost 2 mp, and now have 15/20 mp.
You fade into invisibility!
Snorg bites you!! Snorg closely misses you. Snorg claws you!
* * * LOW HITPOINT WARNING * * *
😨 HP[-30]
You take 30 damage, and now have 20/56 hp.
MASSIVE DAMAGE!! (PAUSE)
Casting: Scorch (safe; 1% risk of failure)
Confirm with . or Enter, or press ? or * to list all spells.
Casting: Flame Wave (dangerous; 1% risk of failure)
Press: ? - help, Dir - look around, f - activate A wave of flame ripples out!
The flame wave engulfs Snorg!
Snorg is burned terribly! (Press . to intensify the flame waves.) Snorg misses you.
Snorg claws you!!
* * * LOW HITPOINT WARNING * * *
Snorg claws you!!
You die...

Skill      XL: |  1  2  3  4  5  6  7  8  9 10 |
---------------+-------------------------------+-----
Conjurations   | 3 4 5 6 8 |  8.0
Dodging        | 3 4 5 7 8 |  8.3
Spellcasting   | 3 4 5 6 |  6.7
Fire Magic     | 4 5 6 7 8 |  8.6
Transmutations | 3 |  3.5
Stealth        | |  2.6

Action                   |  1- 3 |  4- 6 |  7- 9 | 10-12 || total
-------------------------+-------+-------+-------+-------++-------
Melee: Trident           |    13 |     1 |    37 |    13 ||    64
       Constrict         |     4 |       |    10 |     3 ||    17
       Tentacles         |       |       |     5 |     2 ||     7
       Punch             |       |       |     2 |       ||     2
Throw: Dart              |       |       |       |     2 ||     2
 Cast: Foxfire           |    64 |    55 |   283 |   122 ||   524
       Scorch            |     2 |       |    22 |     5 ||    29
       Flame Wave        |       |       |     8 |     5 ||    13
Invok: Curse Item        |       |       |     2 |     1 ||     3
Evoke: Wand              |       |       |       |     2 ||     2
  Use: Scroll            |       |       |     4 |       ||     4
       Potion            |       |       |     1 |     2 ||     3
 Stab: Sleeping          |     2 |       |     2 |       ||     4
Armor: Skin              |     1 |     1 |     5 |     2 ||     9
Dodge: Dodged            |     6 |     7 |    69 |    15 ||    97

Levels and vault maps discovered:
D:1:      dpeg_arrival_tiny_c, layout_rooms,
          shapermc_ecumenical_altar_flowoftime
D:2:      layout_basic
D:3:      layout_loops_cross, minmay_misc_feat_chi
D:4:      layout_loops_ring, minmay_temple_entry_glassed_door
D:5:      kennysheep_six_static_rooms, layout_loops_ring,
          mainiacjoe_overflow_surrounded_room, portal_sewer_entry_b,
          grunt_ministairs_9, uniq_prince_ribbit1
D:6:      layout_cave_pools, serial_column_ruins, column_ruins_square_medium,
          column_ruins_courtyard_long, column_ruins_open_large,
          column_ruins_open_medium, column_ruins_open_small,
          column_ruins_columns_straight, column_ruins_open_large,
          column_ruins_columns_straight, column_ruins_open_tiny_water
D:7:      layout_loops_corners, nicolae_overflow_hidden_temple
D:8:      layout_gridville, zin_academy
D:9:      layout_long_grid, old_standard_altar, erik_orc_1, minmay_bent
D:10:     layout_gridville, grunt_temple_overflow_champion_of_chaos,
          david_lair_shrubbed, uniq_snorg
Temple:   jpeg_temple_clearing

Notes
Turn   | Place    | Note
-------+----------+-------------------------------------------
     0 | D:1      | mcwallace the Octopode Fire Elementalist began the quest
                  | for the Orb.
     0 | D:1      | Reached XP level 1. HP: 11/11 MP: 3/3
     0 | D:1      | magus.rc [v1.9.6]
    73 | D:1      | You add the spells Borgnjor's Revivification, Necromutation
                  | and Death's Door to your library.
   388 | D:1      | Reached XP level 2. HP: 12/17 MP: 1/5
   465 | D:1      | You pick up a book of Minor Magic and begin reading...
   465 | D:1      | You add the spells Magic Dart, Call Imp and Mephitic Cloud
                  | to your library.
   605 | D:1      | Found a faded altar of an unknown god.
   733 | D:1      | Learned a level 2 spell: Scorch
   811 | D:2      | Reached XP level 3. HP: 21/21 MP: 0/6
  2037 | D:3      | You fall into a shaft and drop 3 floors!
  2073 | D:5      | Entered Level 5 of the Dungeon
  2079 | D:5      | Found a glowing drain.
  2084 | D:5      | Reached XP level 4. HP: 27/27 MP: 2/7
  2125 | Sewer    | Entered a sewer
  2163 | Sewer    | Reached skill level 2 in Conjurations
  2459 | Sewer    | Noticed Grinder
  2493 | Sewer    | Killed Grinder
  2494 | Sewer    | Reached skill level 3 in Dodging
  2494 | Sewer    | Reached skill level 3 in Spellcasting
  2494 | Sewer    | Reached skill level 3 in Conjurations
  2494 | Sewer    | Reached skill level 4 in Fire Magic
  2494 | Sewer    | Reached XP level 5. HP: 31/31 MP: 0/10
  2494 | Sewer    | Reached XP level 6. HP: 36/36 MP: 0/11
  2581 | Sewer    | Identified the +4 trident "Blob" {flame, Fragile Dex+4
                  | Stlth+}
  2714 | Sewer    | Reached XP level 7. HP: 38/41 MP: 4/12
  2755 | Sewer    | Reached skill level 4 in Dodging
  2893 | Sewer    | Found a burning altar of Makhleb.
  3101 | D:5      | Found a basalt altar of Yredelemnul.
  3218 | D:5      | HP: 10/41 [ice beast (4)]
  3218 | D:5      | HP: 1/41 [ice beast (9)]
  3224 | D:5      | Reached skill level 4 in Spellcasting
  3575 | D:4      | Reached skill level 5 in Fire Magic
  3636 | D:4      | You pick up a book of Cantrips and begin reading...
  3636 | D:4      | You add the spells Necrotise, Summon Small Mammal and
                  | Apportation to your library.
  4052 | D:3      | Reached skill level 4 in Conjurations
  4680 | D:4      | Found a staircase to the Ecumenical Temple.
  4692 | Temple   | Entered the Ecumenical Temple
  4789 | Temple   | Became a worshipper of Ashenzari the Shackled
  5329 | D:4      | Reached XP level 8. HP: 28/46 MP: 10/14
  6031 | D:5      | Noticed Prince Ribbit
  6037 | D:5      | Killed Prince Ribbit
  6038 | D:5      | Reached skill level 5 in Dodging
  6538 | D:6      | Reached skill level 5 in Spellcasting
  6538 | D:6      | Reached skill level 5 in Conjurations
  6601 | D:6      | Reached skill level 6 in Fire Magic
  6890 | D:6      | Reached XP level 9. HP: 51/51 MP: 5/17
  7123 | D:7      | Reached * piety under Ashenzari
  7130 | D:7      | Learned a level 4 spell: Flame Wave
  7486 | D:7      | Found a sacrificial altar of Ru.
  7486 | D:7      | Found a shimmering blue altar of Sif Muna.
  7487 | D:7      | Found a blossoming altar of Fedhas.
  7638 | D:7      | Reached skill level 6 in Dodging
  8034 | D:7      | Reached skill level 6 in Conjurations
  8535 | D:8      | Reached skill level 6 in Spellcasting
  8611 | D:8      | Found a glowing silver altar of Zin.
  8630 | D:8      | Reached skill level 7 in Fire Magic
  9404 | D:9      | Reached skill level 7 in Dodging
  9465 | D:9      | Reached XP level 10. HP: 56/56 MP: 8/19
  9603 | D:9      | Found a radiant altar of Vehumet.
  9615 | D:9      | Reached skill level 7 in Conjurations
 10050 | D:9      | Reached skill level 1 in Transmutations
 10084 | D:9      | Noticed a two-headed ogre
 10093 | D:9      | Killed a two-headed ogre
 10094 | D:9      | Reached skill level 8 in Fire Magic
 10108 | D:9      | Reached skill level 2 in Transmutations
 10538 | D:9      | Found a staircase to the Orcish Mines.
 10617 | D:9      | Noticed a boulder beetle
 10617 | D:9      | Noticed a kobold demonologist
 11014 | D:9      | Noticed a soul eater
 11023 | D:9      | Killed a kobold demonologist
 11024 | D:9      | Reached skill level 8 in Dodging
 11025 | D:9      | Killed a boulder beetle
 11026 | D:9      | Reached skill level 8 in Conjurations
 11026 | D:9      | Reached skill level 3 in Transmutations
 11221 | D:10     | Entered Level 10 of the Dungeon
 11264 | D:10     | You pick up a book of Displacement and begin reading...
 11264 | D:10     | You add the spells Lesser Beckoning, Gell's Gravitas and
                  | Teleport Other to your library.
 11291 | D:10     | Noticed Snorg
 11298 | D:10     | HP: 3/56 [Snorg (18)]
 11298 | D:10     | Demolished by Snorg

Vanquished Creatures
  A boulder beetle (D:9)
  A two-headed ogre (D:9)
  A kobold demonologist (D:9)
  Grinder (Sewer)
  Prince Ribbit (D:5)
  A wraith (D:9)
  A wyvern (D:9)
  2 acid dragons (D:9)
  A water moccasin (D:8)
  A swamp drake (D:9)
  An ice beast (D:5)
  2 orc warriors
  A black bear (D:6)
  A sky beast (D:6)
  2 ogres
  2 centaurs
  A phantom (D:6)
  4 kobold brigands
  A bullfrog (D:8)
  2 necrophages
  2 scorpions
  15 wights
  6 killer bees (D:9)
  A howler monkey (D:9)
  A quasit (Sewer)
  3 hounds
  6 orc priests
  A gnoll bouda (D:7)
  3 jellies
  11 orc wizards
  4 iguanas
  3 gnolls (D:7)
  3 adders
  4 shadow imps (Sewer)
  5 ufetubi
  A worm (D:3)
  2 dart slugs
  36 orcs
  7 ball pythons
  5 endoplasms
  3 giant cockroaches
  7 goblins
  5 hobgoblins
  5 quokkas
  4 bats
  3 frilled lizards
  30 kobolds
  5 rats
209 creatures vanquished.

Vanquished Creatures (others)
  A kobold zombie (Sewer)
  874 foxfires
875 creatures vanquished.

Grand Total: 1084 creatures vanquished

Table legend:
 A = Non-vault XP
 B = Vault XP
 C = Vault XP percentage of total XP
 D = Non-vault monster count
 E = Vault monster count
 F = Vault count percentage of total count
                 A         B        C        D         E       F
            +---------+---------+-------+---------+---------+-------
      Total |    5611 |    3009 |  34.9 |     144 |      65 |  31.1
            +---------+---------+-------+---------+---------+-------
        D:1 |      15 |       0 |   0.0 |       9 |       0 |   0.0
        D:2 |      56 |       0 |   0.0 |      18 |       0 |   0.0
        D:3 |      72 |       0 |   0.0 |      16 |       0 |   0.0
        D:4 |     192 |      73 |  27.5 |      19 |       2 |   9.5
        D:5 |     401 |     400 |  49.9 |       8 |      11 |  57.9
        D:6 |     556 |       0 |   0.0 |       9 |       0 |   0.0
        D:7 |     888 |       0 |   0.0 |      23 |       0 |   0.0
        D:8 |     972 |       0 |   0.0 |      13 |       0 |   0.0
        D:9 |    2459 |    1925 |  43.9 |      29 |      21 |  42.0
      Sewer |       0 |     611 | 100.0 |       0 |      31 | 100.0
            +---------+---------+-------+---------+---------+-------

Illustrated notes

Table legend:
 A = Kills in this place as a percentage of kills in entire the game.
 B = Kills by you in this place as a percentage of kills by you in the entire game.
 C = Kills by friends in this place as a percentage of kills by friends in the entire game.
 D = Other kills in this place as a percentage of other kills in the entire game.
 E = Experience gained in this place as a percentage of experience gained in the entire game.
 F = Experience gained in this place divided by the number of levels of this place that you have seen.
                   A       B       C       D       E      F
               +-------+-------+-------+-------+-------+----------------------
         Total | 100.0 | 100.0 |   N/A |   N/A | 100.0 | 718.3
       Dungeon |  85.2 |  85.2 |   N/A |   N/A |  92.9 | 800.9
         Sewer |  14.8 |  14.8 |   N/A |   N/A |   7.1 | 611.0
               +-------+-------+-------+-------+-------+----------------------

Table legend: (Time is in decaauts)
 A = Elapsed time spent in this place.
 B = Non-inter-level travel time spent in this place.
 C = Inter-level travel time spent in this place.
 D = Time resting spent in this place.
 E = Time spent auto-exploring this place.
 F = Levels seen in this place.
 G = Mean time per level.
                   A        B        C        D        E       F      G
               +--------+--------+--------+--------+--------+-----+--------+
         Total |  11332 |  10806 |    526 |    245 |   8544 |  12 |  944.3 |
       Dungeon |  10261 |   9778 |    483 |    245 |   7824 |  10 | 1026.1 |
        Temple |    119 |     76 |     43 |      0 |     55 |   1 |  119.0 |
         Sewer |    951 |    951 |      0 |      0 |    665 |   1 |  951.0 |
               +--------+--------+--------+--------+--------+-----+--------+

Top non-repeatable levels by time:
     D:9: 1828 daAuts
     D:5: 1469 daAuts
     D:7: 1375 daAuts
     D:4: 1196 daAuts
     D:2: 1011 daAuts
   Sewer: 951 daAuts
     D:3: 950 daAuts
     D:8: 940 daAuts
     D:1: 731 daAuts
     D:6: 680 daAuts
  Temple: 119 daAuts
    D:10: 76 daAuts
